Cogmind - Beta 13 @@@ ROGUE MODE // 2024.08.05 @ 12:51:17 // Winter2019/RPGLIKE Player: badjay Result: Destroyed by G-47 Trooper with Particle Gun Performance ------------- Evolutions (2) 1000 Regions Visited (5) 1000 Robots Destroyed (26) 130 Value Destroyed (532) 532 Prototype IDs (7) 140 Alien Tech Used (0) 0 Bonus (14) 14 TOTAL SCORE: 2816 Bonus ------- High Alert Combat Kills 14 Cogmind --------- Core Integrity 0/600 Matter 300/300 Energy 250/250 System Corruption 0% Temperature Cool (9) Movement Core (50) Location -8/Materials Parts ------- > --- POWER (1) -------- Ion Engine > --- PROPULSION (2) --- (None) > --- UTILITY (2) ------ Experimental Sensor Array > --- WEAPON (2) ------- Mining Claw > --- INVENTORY (1) ---- (None) Peak State ------------ > --- POWER ------------ Ion Engine > --- PROPULSION ------- Flight Unit Flight Unit > --- UTILITY ---------- Experimental Sensor Array > --- WEAPON ----------- Grenade Launcher Rocket Launcher > --- INVENTORY -------- Mining Claw [Rating: 15] Favorites ----------- Power Ion Engine Engine Ion Engine Propulsion Flight Unit Flight Unit Flight Unit Utility Experimental Sensor Array Device Experimental Sensor Array Weapon Grenade Launcher Launcher Grenade Launcher Slashing Weapon Mining Claw Build | -11 -10 -10 -10 -9 -8 ------- Run | Yrd Mat Min Exi Min Mat Slots Evolved 3 | . 2 1 . . . Power . | . . . . . . Propulsion 1 | . 1 . . . . Utility 1 | . 1 . . . . Weapon 1 | . . 1 . . . Parts Attached 12 | . 9 1 . 1 1 Power 2 | . 2 . . . . Engine 2 | . 2 . . . . Core . | . . . . . . Reactor . | . . . . . . Propulsion 5 | . 5 . . . . Treads . | . . . . . . Leg . | . . . . . . Wheel . | . . . . . . Hover . | . . . . . . Flight 5 | . 5 . . . . Utility 1 | . . 1 . . . Device 1 | . . 1 . . . Storage . | . . . . . . Processor . | . . . . . . Hackware . | . . . . . . Protection . | . . . . . . Artifact . | . . . . . . Weapon 4 | . 2 . . 1 1 Energy Gun . | . . . . . . Energy Cannon . | . . . . . . Ballistic Gun . | . . . . . . Ballistic Cannon . | . . . . . . Launcher 3 | . 2 . . 1 . Special Weapon . | . . . . . . Impact Weapon . | . . . . . . Slashing Weapon 1 | . . . . . 1 Piercing Weapon . | . . . . . . Special Melee Weapon . | . . . . . . Unidentified Prototypes 1 | . . 1 . . . Parts Lost 2 | . . . . . 2 Power . | . . . . . . Propulsion 2 | . . . . . 2 Utility . | . . . . . . Weapon . | . . . . . . Highest Loss Streak 2 | . . . . . 2 To Critical Strikes . | . . . . . . Average Slot Usage (%) 61 | . 52 65 71 72 59 Engine 14 | . 13 15 14 14 14 Flight 25 | . 22 31 28 28 14 Device 5 | . . 3 14 14 14 Launcher 14 | . 15 15 14 15 5 Naked Turns 36 | . 36 . . . . Heaviest Build 13 | . 8 9 9 13 13 Greatest Support 13 | 3 13 13 13 13 13 Greatest Overweight (x) . | . . . . . . Average Overweight (x) . | . . . . . . Largest Inventory Capacity 1 | . 1 1 1 1 1 Average Capacity . | . . 1 1 1 1 Most Carried 1 | . 1 1 1 1 1 Average Carried . | . . 1 1 1 . Final Capacity 1 | . 1 1 1 1 1 Final Carried 1 | . 1 1 1 1 . Class Distribution -------------------- 89% | Hacker-Mutant 10% | Mutant Dominant Class ---------------- Hacker-Mutant | -10/Materials Hacker-Mutant | -10/Mines Hacker-Mutant | -10/Exiles Hacker-Mutant | -9/Mines Hacker-Mutant | -8/Materials Resources | -11 -10 -10 -10 -9 -8 ----------- Run | Yrd Mat Min Exi Min Mat Matter Collected 665 | 117 283 170 . 34 61 Remotely . | . . . . . . Salvage Created 335 | . 113 116 . 28 78 Parts 46 | . 32 10 . . 4 Haulers Intercepted . | . . . . . . Recyclers Shooed . | . . . . . . Parts Field Recycled . | . . . . . . Retrieved Matter . | . . . . . . Parts Self-Destructed . | . . . . . . Prevented . | . . . . . . Kills | -11 -10 -10 -10 -9 -8 ------- Run | Yrd Mat Min Exi Min Mat Combat Hostiles Destroyed 30 | . 12 8 . 9 1 Melee 1 | . . . . . 1 AOE 29 | . 12 8 . 9 . Classes Destroyed 8 | . 6 . . 1 1 Worker 2 | . 1 1 . . . Builder 1 | . 1 . . . . Operator 1 | . 1 . . . . Watcher 1 | . 1 . . . . Swarmer 12 | . 9 3 . . . Grunt 8 | . 3 5 . . . Sentry 1 | . . . . . 1 Assembled 9 | . . . . 9 . Best Kill Streak 9 | . 6 6 . 9 1 Combat Bots Only 9 | . 5 5 . 9 1 Max Kills in Single Turn 5 | . 3 2 . 5 1 Gunslinging . | . . . . . . Exploded 5 | . 3 1 . 5 . Melee 1 | . . . . . 1 Uniques/NPCs Destroyed . | . . . . . . Combat | -11 -10 -10 -10 -9 -8 -------- Run | Yrd Mat Min Exi Min Mat Hostile Shots Fired 79 | . 25 9 . 23 22 Missed 41 | . 18 5 . 8 10 Damage Taken 776 | . 62 53 . 466 195 Core 666 | . 52 50 . 394 170 Absorbed by Shields . | . . . . . . Redirected to Core 391 | . 34 11 . 260 86 Core Remaining (%) 62 | 100 . . . 25 . Volleys Fired 35 | . 15 13 . 7 . Largest 1 | . 1 1 . 1 . Hottest 30 | . 30 30 . 30 . Shots Fired 35 | . 15 13 . 7 . Gun . | . . . . . . Cannon . | . . . . . . Launcher 35 | . 15 13 . 7 . Special . | . . . . . . Kinetic . | . . . . . . Thermal . | . . . . . . Explosive 35 | . 15 13 . 7 . Electromagnetic . | . . . . . . Robot Hit Streak 9 | . 7 7 . 9 . Robot Miss Streak 3 | . 1 . . 3 . Penetration Max . | . . . . . . Secondary Targets . | . . . . . . Shots Hit Robots 23 | . 9 5 . 3 6 Core Hits 65 | . 21 15 . 27 2 Critical Kills . | . . . . . . Critical Parts Destroyed . | . . . . . . Critical Strikes . | . . . . . . Melee Attacks 6 | . . . . . 6 Impact . | . . . . . . Slashing 6 | . . . . . 6 Piercing . | . . . . . . Sneak Attacks . | . . . . . . Combat Hostiles . | . . . . . . Follow-up Attacks . | . . . . . . Damage Inflicted 2320 | . 972 493 . 703 152 Guns . | . . . . . . Cannons . | . . . . . . Explosions 2168 | . 972 493 . 703 . Melee 152 | . . . . . 152 Ramming . | . . . . . . Kinetic . | . . . . . . Thermal 100 | . 100 . . . . Explosive 2068 | . 872 493 . 703 . Electromagnetic . | . . . . . . Impact . | . . . . . . Slashing 152 | . . . . . 152 Piercing . | . . . . . . Highest Corruption . | . . . . . . Average Corruption . | . . . . . . Corruption Purged . | . . . . . . Corruption Blocked . | . . . . . . Overload Shots . | . . . . . . Overflow Damage 57 | . 54 . . 3 . Projectiles . | . . . . . . Explosions 57 | . 54 . . 3 . Melee . | . . . . . . Knockbacks . | . . . . . . Impact . | . . . . . . Kinetic . | . . . . . . Secondary . | . . . . . . Self-Inflicted Damage 65 | . . 2 . 63 . Shots 3 | . . 1 . 2 . Rammed . | . . . . . . Targets Rammed . | . . . . . . Kicked . | . . . . . . Crushed . | . . . . . . Highest Temperature 9 | . 3 9 . 1 8 Average Temperature 3 | . 2 4 . 1 8 Received Heat Transfer 162 | . 18 27 . . 117 Siege Activations . | . . . . . . Robots Corrupted . | . . . . . . Combat Hostiles . | . . . . . . Parts Fried . | . . . . . . Impact Corruptions . | . . . . . . Robots Melted . | . . . . . . Combat Hostiles . | . . . . . . Parts Melted . | . . . . . . Heat Transferred 50 | . 50 . . . . Parts Sabotaged . | . . . . . . Parts Stolen . | . . . . . . Parts Stripped . | . . . . . . Power Chain Reactions . | . . . . . . Alert | -11 -10 -10 -10 -9 -8 ------- Run | Yrd Mat Min Exi Min Mat Peak Influence 527 | . 527 370 . 81 42 Initial 88 | . . 88 . . 7 Average 210 | . 253 293 . 36 25 Maximum Alert Level 2 | . 2 1 . . . Low Security (%) 50 | 100 36 29 . 100 100 Level 1 38 | . 40 70 . . . Level 2 11 | . 23 . . . . Level 3 . | . . . . . . Level 4 . | . . . . . . Level 5 . | . . . . . . High Security . | . . . . . . Max Security . | . . . . . . Squads Dispatched 2 | . 2 . . . . Investigation . | . . . . . . Extermination . | . . . . . . Reinforcement 2 | . 2 . . . . Assault . | . . . . . . Garrison . | . . . . . . Intercept . | . . . . . . Searches Triggered . | . . . . . . Construction Impeded . | . . . . . . Haulers Reinforced . | . . . . . . Active Scanning Responses . | . . . . . . Cargo Convoy Interrupts . | . . . . . . Stealth | -11 -10 -10 -10 -9 -8 --------- Run | Yrd Mat Min Exi Min Mat Distress Signals 1 | . . . . . 1 Communications Jammed . | . . . . . . Distress Signals . | . . . . . . Times Spotted 58 | . 20 9 . 25 4 Peak Tracking Total 20 | . 6 3 . 20 4 Tactical Retreats 3 | . . 1 . 2 . Traps | -11 -10 -10 -10 -9 -8 ------- Run | Yrd Mat Min Exi Min Mat Traps Triggered 4 | . 4 . . . . Indirectly . | . . . . . . Trap Hack Attempts . | . . . . . . Triggered . | . . . . . . Disarmed . | . . . . . . Reprogrammed . | . . . . . . Reused . | . . . . . . Traps Extracted . | . . . . . . Installed . | . . . . . . Triggered . | . . . . . . Machines | -11 -10 -10 -10 -9 -8 ---------- Run | Yrd Mat Min Exi Min Mat Machines Disabled 3 | . 3 . . . . Max in Single Turn 2 | . 2 . . . . Machines Repaired . | . . . . . . Machines Dismantled . | . . . . . . Machines Sabotaged . | . . . . . . Overloaded Fab Kills . | . . . . . . Hacking | -11 -10 -10 -10 -9 -8 --------- Run | Yrd Mat Min Exi Min Mat Machines Accessed 7 | . 6 . 1 . . Terminals 6 | . 6 . . . . Fabricators . | . . . . . . Repair Stations . | . . . . . . Recycling Units . | . . . . . . Scanalyzers . | . . . . . . Garrison Access . | . . . . . . Total Hacks 55 | . 32 . 23 . . Successful 40 | . 17 . 23 . . Failed 15 | . 15 . . . . Catastrophic 2 | . 2 . . . . Database Lockouts . | . . . . . . Manual 22 | . 22 . . . . Terminals 32 | . 32 . . . . Fabricators . | . . . . . . Repair Stations . | . . . . . . Recycling Units . | . . . . . . Scanalyzers . | . . . . . . Garrison Access . | . . . . . . Terminal Hacks 36 | . 13 . 23 . . Record 23 | . . . 23 . . Robot Analysis 1 | . 1 . . . . Prototype ID Bank 3 | . 3 . . . . Level Access Points 1 | . 1 . . . . Branch Access Points 1 | . 1 . . . . Terminal Index 1 | . 1 . . . . Alert Level 1 | . 1 . . . . Unreport Threat 2 | . 2 . . . . Registered Prototypes 1 | . 1 . . . . Zone Layout 2 | . 2 . . . . Fabricator Hacks . | . . . . . . Repair Station Hacks . | . . . . . . Recycling Unit Hacks . | . . . . . . Scanalyzer . | . . . . . . Garrison Access Hacks . | . . . . . . Unauthorized Hacks 4 | . 4 . . . . Terminals 4 | . 4 . . . . Botnet 4 | . 4 . . . . Fabricators . | . . . . . . Repair Stations . | . . . . . . Recycling Units . | . . . . . . Scanalyzers . | . . . . . . Garrison Access . | . . . . . . Data Cores Recovered . | . . . . . . Used . | . . . . . . Hacking Detections 6 | . 6 . . . . Full Trace Events . | . . . . . . Feedback Events . | . . . . . . Feedback Blocked . | . . . . . . Robot Schematics Acquired . | . . . . . . Robots Built . | . . . . . . Authchips . | . . . . . . Time . | . . . . . . Total Robot Build Rating . | . . . . . . Part Schematics Acquired . | . . . . . . Parts Built . | . . . . . . Authchips . | . . . . . . Time . | . . . . . . Total Part Build Rating . | . . . . . . Parts Repaired . | . . . . . . Time . | . . . . . . Parts Recycled . | . . . . . . Recycled Matter . | . . . . . . Retrieved Matter . | . . . . . . Retrieved Components . | . . . . . . Parts Scanalyzed . | . . . . . . Part Schematics Acquired . | . . . . . . Parts Damaged . | . . . . . . Bothacking | -11 -10 -10 -10 -9 -8 ------------ Run | Yrd Mat Min Exi Min Mat Used RIF Installer . | . . . . . . Robots Hacked . | . . . . . . Non-combat . | . . . . . . Combat . | . . . . . . Robot Hacks Applied . | . . . . . . Relay Couplers Released . | . . . . . . Fabnet Peak Effective % . | . . . . . . Robots Rewired . | . . . . . . Allies Hacked . | . . . . . . Hacks Repelled . | . . . . . . Allies | -11 -10 -10 -10 -9 -8 -------- Run | Yrd Mat Min Exi Min Mat Total Allies 4 | . . 1 . 3 . Largest Group 3 | . . 1 1 3 . Highest-Rated Group 40 | . . 31 31 40 . Highest-Rated Ally 31 | . . 31 31 16 . Total Orders . | . . . . . . Ally Attacks . | . . . . . . Total Damage . | . . . . . . Kills . | . . . . . . Allies Corrupted . | . . . . . . Allies Melted . | . . . . . . Intel | -11 -10 -10 -10 -9 -8 ------- Run | Yrd Mat Min Exi Min Mat Robot Analysis Total 1 | . 1 . . . . Derelict Logs Recovered . | . . . . . . Drone Launches . | . . . . . . Drone Recoveries . | . . . . . . Exploration | -11 -10 -10 -10 -9 -8 ------------- Run | Yrd Mat Min Exi Min Mat Turns Passed 789 | 13 309 179 145 102 41 Spaces Moved 1637 | 27 613 343 391 219 44 Core 170 | 27 139 . . . 4 Treads . | . . . . . . Legs . | . . . . . . Wheels . | . . . . . . Hover . | . . . . . . Flight 1467 | . 474 343 391 219 40 Fastest Speed 37 | 50 37 37 37 37 37 Average Speed 38 | 50 40 37 37 37 39 Slowest Speed 50 | 50 50 37 37 37 50 Overloaded Moves . | . . . . . . Propulsion Burnouts . | . . . . . . Robots Hopped 5 | . 3 1 . 1 . Cave-ins Triggered . | . . . . . . Exploration Rate (%) 51 | 3 91 75 79 53 6 Regions Visited 5 Branch Regions 3 Pre-discovered Areas 1 | . . . 1 . . Known Exits Taken 1 | . 1 . . . . Unknown Exits Taken 4 | 1 . 1 1 1 . Scrap Searched 1 | . . . . 1 . Spaces Dug 6 | . . . . 6 . Terrain Destroyed 257 | . 116 86 . 55 . Melee . | . . . . . . Projectile . | . . . . . . AOE 257 | . 116 86 . 55 . Terrain Rammed . | . . . . . . Walls Destroyed . | . . . . . . Machines Disabled . | . . . . . . Actions | -11 -10 -10 -10 -9 -8 --------- Run | Yrd Mat Min Exi Min Mat Total 1732 | 26 651 379 390 230 56 Wait 42 | . 11 23 . 5 3 Move 1622 | 26 606 340 390 216 44 Hop 5 | . 3 1 . 1 . Pick Up 1 | . 1 . . . . Fast Attach 11 | . 9 1 . 1 . Attach 1 | . . . . . 1 Detach . | . . . . . . Swap . | . . . . . . Drop 2 | . . . . . 2 Fire 35 | . 15 13 . 7 . Melee 6 | . . . . . 6 Ram . | . . . . . . Kick . | . . . . . . Crush . | . . . . . . Escape Stasis . | . . . . . . Rewire . | . . . . . . Trap . | . . . . . . Miscellaneous 7 | . 6 1 . . . Route ------- -11/Scrapyard -10/Materials (discovered 5 exits: *Mat x3 / *Min x2) -10/Mines (discovered 3 exits: *Mat x2 / *Exi) -10/Exiles (discovered 2 exits: [*Min x2]) -9/Mines -8/Materials History --------- Turn | Location | Event 9 | -11/Scrapyard | Discovered new exit (range 12) 14 | -11/Scrapyard | Entered Materials 88 | -10/Materials | Discovered new exit (range 15) 93 | -10/Materials | Upgraded with Propulsion slot (x1) 93 | -10/Materials | Upgraded with Utility slot (x1) 93 | -10/Materials | Identified exit to Materials 185 | -10/Materials | Discovered new exit (range 16) 227 | -10/Materials | Reached level 2 251 | -10/Materials | Identified exit to Mines 323 | -10/Materials | Entered Mines 362 | -10/Mines | Discovered exit to Materials (range 16) 390 | -10/Mines | Build established: Hacker-Mutant 402 | -10/Mines | Reached level 3 411 | -10/Mines | Escorted by a lone wolf Derelict 437 | -10/Mines | Upgraded with Weapon slot (x1) 459 | -10/Mines | Discovered exit to Materials (range 14) 461 | -10/Mines | Found a damaged Exp. Sensor Array with a note attached 462 | -10/Mines | Found Prototype Device 462 | -10/Mines | Identified Exp. Sensor Array 480 | -10/Mines | Deemed a non-threat by the Exiles lab entrance 480 | -10/Mines | Discovered new exit (range 5) 502 | -10/Mines | Entered Exiles 502 | -10/Exiles | Accompanied by 1 ally 511 | -10/Exiles | Met 8R-AWN 515 | -10/Exiles | Discovered new exit (range 15) 533 | -10/Exiles | Met EX-HEX 558 | -10/Exiles | Met EX-DEC 579 | -10/Exiles | Visited The Gauntlet 629 | -10/Exiles | Learned location of Zion (-6) 642 | -10/Exiles | Discovered new exit (range 14) 647 | -10/Exiles | Entered Mines 661 | -9/Mines | Assembled infested the area 707 | -9/Mines | Assisted by bots powering up and referring to "LRC-V3" 710 | -9/Mines | Destroyed 9 combat bots 725 | -9/Mines | Core integrity fell below 50% 726 | -9/Mines | Discovered new exit (range 10) 733 | -9/Mines | Received a Rocket Launcher from a helpful Derelict 749 | -9/Mines | Entered Materials 750 | -8/Materials | Core integrity fell below 50% 751 | -8/Materials | Reached level 4 762 | -8/Materials | Lost 3 allies 779 | -8/Materials | Core integrity fell below 20% 790 | -8/Materials | Destroyed by G-47 Trooper with Particle Gun Last Messages --------------- say!" 00733_ IQ-TSJ(g): "Would you like a rocket launcher? I know I would if I were you, so I'm going to lend you mine." 00733_ IQ-TSJ(g) slips back into the shadows. 00733_ Acquired Rocket Launcher. 00735_ T-07 Excavator is excavating. Distant sounds of combat echo through the corridors. LOCATION=UNKNOWN GOAL=ESCAPE 00751_ Reached level 4. 00757_ Flight Unit destroyed. 00757_ Critical hit (Burn: +37). 00757_ Dropped Grenade Launcher. 00757_ Dropped Rocket Launcher. 00760_ Upgraded: Melee Accuracy (+10) 00768_ Y-45 Defender destroyed. 00771_ Acquired 61 matter. 00782_ Flight Unit destroyed. Map ----- +----------------------------------------------------+ | ?????????????????????????????????????????????????? | | ?????????????????????????????????????????????????? | | ?????????????????????????????????????????????????? | | ?????????????????????????????????????????????????? | | ?????????????????????????????????????????????????? | | ?????????????????????????????????????????????????? | | ?????????????????????????????????????????????????? | | ?????????????????????????????????????????????????? | | ?????????????????????????????????????????????????? | | ?????#####???????????????????????????????????????? | | ###### #???????????????????????????????????????? | | # #???????????????????????????????????????? | | # #???????????????????????????????????????? | | """ + #???????????????????????????????????????? | | """ # #???????????????????????????????????????? | | """ # #???????????????????????????????????????? | | # #???????????????????????????????????????? | | ###### #???????????????????????????????????????? | | ###### #???????????????????????????????????????? | | # #????????????###+###????????????????????? | | """" + ###/########## #????????????????????? | | """" # ? ? % ! ]#????????????????????? | | """" # ] [g!= #????????????????????? | | """" # ] ?*g ! #????????????????????? | | """" #######+########## #????????????????????? | | """" #?# #????## @ ##????????????????????? | | """" #?# """ """ #?????# #?????????????????????? | | ? #?# """ "Y" #?????# #?????????????????????? | | ??####?# """ " " #?????# +?????????????????????? | | ???????# #?????# #?????????????????????? | | ???????# #?????# #?????????????????????? | | ???????# /????? #?????????????????????? | | ???????# ! ##????## ##?????????????????????? | | ???????###########??????# #??????????????????????? | | ????????????????????????? #??????????????????????? | | ????????????????????????? #??????????????????????? | | ?????????????????????????+#??????????????????????? | | ?????????????????????????????????????????????????? | | ?????????????????????????????????????????????????? | | ?????????????????????????????????????????????????? | | ?????????????????????????????????????????????????? | | ?????????????????????????????????????????????????? | | ?????????????????????????????????????????????????? | | ?????????????????????????????????????????????????? | | ?????????????????????????????????????????????????? | | ?????????????????????????????????????????????????? | | ?????????????????????????????????????????????????? | | ?????????????????????????????????????????????????? | | ?????????????????????????????????????????????????? | | ?????????????????????????????????????????????????? | +----------------------------------------------------+ Best States ------------- Heat Dissipation 25 Energy Generation 10 Energy Capacity 250 Matter Stores 300 Matter Capacity 300 Sight Range 16 Robot Scan Range 20 Terrain Scan Density 10 Evasion (%) 62 Offensive Hacking 20 Defensive Hacking 10 Item Schematics ----------------- None Robot Schematics ------------------ None Fabricated ------------ Nothing Alien Tech Used ----------------- None Achievements -------------- None Challenges ------------ None RPGLIKE | -11 -10 -10 -10 -9 -8 --------- Run | Yrd Mat Min Exi Min Mat Levels Raised 3 | . 1 1 . . 1 XP Earned 8617 | 3000 1817 1450 200 500 1650 XP Spent 7250 | . 4150 1800 . . 1300 Upgrades 17 | . 12 3 . . 2 Propulsion Slot 1 | . 1 . . . . Utility Slot 1 | . 1 . . . . Weapon Slot 1 | . . 1 . . . Mass Support 1 | . 1 . . . . Inventory Capacity 1 | . 1 . . . . Melee Accuracy 6 | . 3 1 . . 2 Hack Attack % 4 | . 3 1 . . . Hack Defense % 2 | . 2 . . . . Protomatter Created 105 | . 46 59 . . . Integrity Restored 53 | . 35 18 . . . Core 50 | . 32 18 . . . Parts 3 | . 3 . . . . Protomatter Decayed 32 | . 22 . . 10 . Game ------ Seed BladeCoolantAutohacker Manual? 0 Play Time 00:16:00 Cumulative 157.8 hours Start 2024.08.05 @ 12:20:06 End 2024.08.05 @ 12:51:17 Sessions 1 Manual Loads 0 Difficulty Rogue Special Mode Winter2019/RPGLIKE Game No. 162 Rogue 162 Adventurer 0 Explorer 0 Win Type - Total 13 Types 11/0/0/1/0/0/1/0/0 Lore% 64 Gallery% 65 Achievement% 68 Wizard Run 0 Options --------- Layout 1 ASCII 0 Keyboard 0 Movement Numpad Keybinds 0 Fullscreen 1 Font 24/Smallcaps Map View 50x35 Zoom Use 0% Tactical HUD 1 Map Filters NONE Filters NONE Steam 1 RUN: 32a55ba7-07cd-4dcf-84e8-5a0898dab7f1